 Dungeon Crawl Stone Soup version 0.29.1 (webtiles) character file.

Game seed: 11227128673234709287

68 qw the Chopper (level 4, 0/39 HPs)
             Began as a Minotaur Berserker on Sept 13, 2022.
             Was a Believer of Trog.
             Slain by an orc wizard
             ... wielding a +0 dagger
              (2 damage)
             ... on level 2 of the Dungeon.
             The game lasted 00:00:51 (2258 turns).

qw the Chopper (Minotaur Berserker)                 Turns: 2258, Time: 00:00:51

Health: 0/39       AC:  3    Str: 24    XL:     4   Next: 1%
Magic:  3/3        EV: 11    Int:  4    God:    Trog [**....]
Gold:   138        SH:  0    Dex:  9    Spells: 3/3 levels left

rFire   . . .      SeeInvis .   Y - +1 hand axe
rCold   . . .      Faith    .   (no shield)
rNeg    . . .      Spirit   .   c - +0 leather armour
rPois   .          Reflect  .   (helmet restricted)
rElec   .          Harm     .   (no cloak)
rCorr   .          Rampage  .   (no gloves)
Will    .....                   (no boots)
Stlth   ..........              (no amulet)
HPRegen 0.13/turn               (no ring)
MPRegen 0.08/turn               (no ring)

@: confused, on berserk cooldown, slowed, very slow
A: horns 2, retaliatory headbutt
a: Renounce Religion, Berserk, Trog's Hand


You were on level 2 of the Dungeon.
You worshipped Trog.
Trog was pleased with you.
You visited 1 branch of the dungeon, and saw 3 of its levels.

You collected 138 gold pieces.


Innate Abilities, Weirdness & Mutations

You have a pair of horns on your head.
You reflexively headbutt those who attack you in melee.


   Skills:
 - Level 3.6 Fighting
 + Level 6.0 Axes
 - Level 2.4 Armour
 - Level 2.1 Dodging


You had 3 spell levels left.
You didn't know any spells.
Your spell library was empty.

Inventory:

Hand Weapons
 i - a +0 flail
 Y - a +1 hand axe (weapon)
Armour
 c - a +0 leather armour (worn)
Scrolls
 a - a scroll of teleportation
 e - a scroll of identify
Potions
 b - a potion of haste
 d - a potion of heal wounds {unknown}
 f - a potion of curing {unknown}
 j - a potion of might {unknown}
 m - a potion of flight {unknown}

Dungeon Overview and Level Annotations

Branches:
Dungeon (3/15)

Altars:

Shops:
D:2 (


Message History

Something hits you but does no damage. Something hits you.
You miss something.
You hear some strange, mumbled words.
You are confused.
You're too confused to attack without stumbling around!
There is a strange disturbance nearby!
You hear some strange, mumbled words.
You are more confused.
You hear some strange, mumbled words.
You are more confused.
You're too confused to attack without stumbling around!
There is a strange disturbance nearby!
Something hits you.
You're too confused to attack without stumbling around!
There is a strange disturbance nearby!
Something hits you but does no damage. Something hits you.
You're too confused to attack without stumbling around!
There is a strange disturbance nearby!
Something hits you.
You're too confused to attack without stumbling around!
There is a strange disturbance nearby!
Something completely misses you.
You hear some strange, mumbled words.
A magic dart appears from out of thin air!
The magic dart hits you.
You're too confused to attack without stumbling around!
There is a strange disturbance nearby!
Something hits you.
You're too confused to attack without stumbling around!
There is a strange disturbance nearby!
You hear some strange, mumbled words.
A puff of flame appears from out of thin air!
The puff of flame misses you. Something hits you.
You're too confused to attack without stumbling around!
There is a strange disturbance nearby!
Something hits you but does no damage.
You're too confused to attack without stumbling around!
There is a strange disturbance nearby!
Something hits you. x2
You die...

.....# ##.########.# #..# #.#
.....# #.# ####.####..# #.#
.....####.# #..........# #.#
.......##.# #.##.####.## #.#
...#.#.##.# #.##.####.# #.#
...#.#.##.# ##......##.# #.#
..........####...###.##.# #.#
........#........# #....# #.#
#..#....#...##..@###.#### #.#
).....#####....{.....# #.#
#..#....#...######.### #.#
#.......#.### #...# #.#
#.........# ###...### #.#
##.#..#...#####....[..######.#
##.#..................:....<.#
##.#.##...#####.......########
##.#.###..#######...###


There were no monsters in sight!

Vanquished Creatures
  A dart slug (D:1)
  5 ball pythons
  10 endoplasms
  3 giant cockroaches (D:1)
  4 goblins
  7 hobgoblins
  2 jackals (D:2)
  5 quokkas (D:2)
  8 bats
  4 frilled lizards
  4 kobolds (D:2)
  2 rats (D:2)
55 creatures vanquished.

Notes
Turn   | Place    | Note
-------+----------+-------------------------------------------
     0 | D:1      | qw the Minotaur Berserker began the quest for the Orb.
     0 | D:1      | Reached XP level 1. HP: 19/19 MP: 0/0
     0 | D:1      | 0 ||| qw: Version: 0.1-a-119-g272c26d
     0 | D:1      | 0 ||| qw: Game counter: 11155
     0 | D:1      | 0 ||| qw: Always use a shield: true
     0 | D:1      | 0 ||| qw: Do Orc after D:15 true
     0 | D:1      | 0 ||| qw: Do second Lair branch before Depths: true
     0 | D:1      | 0 ||| qw: Lair rune preference: random
     0 | D:1      | 0 ||| qw: Plans: Normal
     0 | D:1      | 0 ||| PLANNING D:1-11
    24 | D:1      | 24 ||| INVOKING Berserk.
    35 | D:1      | Reached skill level 4 in Axes
   314 | D:1      | 314 ||| Stepping ~*~*~tactically~*~*~ (hiding).
   422 | D:1      | 422 ||| Stepping ~*~*~tactically~*~*~ (stealth).
   424 | D:1      | 424 ||| Stepping ~*~*~tactically~*~*~ (stealth).
   425 | D:1      | 425 ||| Stepping ~*~*~tactically~*~*~ (stealth).
   427 | D:1      | 427 ||| Stepping ~*~*~tactically~*~*~ (stealth).
   430 | D:1      | Reached XP level 2. HP: 26/26 MP: 1/1
   756 | D:1      | Reached skill level 5 in Axes
   786 | D:1      | Found a faded altar of an unknown god.
   787 | D:1      | 787 ||| Stepping ~*~*~tactically~*~*~ (stealth).
   791 | D:1      | Reached XP level 3. HP: 31/31 MP: 2/2
   819 | D:1      | 819 ||| Stepping ~*~*~tactically~*~*~ (stealth).
  1117 | D:1      | Reached ** piety under Trog
  1154 | D:1      | 1154 ||| UPGRADING to +0 leather armour.
  1164 | D:1      | 1164 ||| DROPPING +0 animal skin.
  1165 | D:1      | 1165 ||| READING 2 scrolls labelled XEESAE VAAFIL.
  1170 | D:1      | 1170 ||| READING 2 scrolls labelled ZOEXAPH FUINGU.
  1171 | D:1      | 1171 ||| READING scroll labelled XORHEPR ODAYLU.
  1269 | D:2      | Found Xireriusk's Antique Weapon Shoppe.
  1350 | D:2      | 1350 ||| Stepping ~*~*~tactically~*~*~ (stealth).
  1351 | D:2      | 1351 ||| Stepping ~*~*~tactically~*~*~ (stealth).
  1648 | D:2      | 1648 ||| DROPPING +0 whip.
  1768 | D:2      | 1768 ||| Stepping ~*~*~tactically~*~*~ (stealth).
  1772 | D:2      | 1772 ||| Stepping ~*~*~tactically~*~*~ (stealth).
  1776 | D:2      | 1776 ||| Stepping ~*~*~tactically~*~*~ (stealth).
  1778 | D:2      | 1778 ||| Stepping ~*~*~tactically~*~*~ (stealth).
  1784 | D:2      | 1784 ||| Stepping ~*~*~tactically~*~*~ (stealth).
  1785 | D:2      | 1785 ||| Stepping ~*~*~tactically~*~*~ (stealth).
  1792 | D:2      | 1792 ||| Stepping ~*~*~tactically~*~*~ (stealth).
  1793 | D:2      | 1793 ||| Stepping ~*~*~tactically~*~*~ (stealth).
  1803 | D:2      | 1803 ||| Stepping ~*~*~tactically~*~*~ (stealth).
  1805 | D:2      | 1805 ||| Stepping ~*~*~tactically~*~*~ (stealth).
  1950 | D:2      | 1950 ||| Stepping ~*~*~tactically~*~*~ (stealth).
  2090 | D:2      | Reached skill level 6 in Axes
  2090 | D:2      | Reached XP level 4. HP: 36/39 MP: 3/3
  2113 | D:2      | 2113 ||| DROPPING scarf of invisibility.
  2114 | D:2      | 2114 ||| READING scroll labelled TOGUPPIUBE.
  2115 | D:2      | 2115 ||| READING scroll labelled EDEAVASIQO.
  2116 | D:2      | 2116 ||| READING scroll labelled ASUOZI ROIXZIGIME.
  2217 | D:2      | 2217 ||| READING 2 scrolls of identify.
  2217 | D:2      | 2217 ||| IDENTIFYING smoky cyan potion
  2225 | D:3      | 2225 ||| PLANNING SEWER
  2225 | D:3      | 2225 ||| STAIRDANCE
  2227 | D:2      | 2227 ||| INVOKING Berserk.
  2228 | D:2      | 2228 ||| INVOKING Berserk.
  2253 | D:2      | HP: 9/39 [something (2)]
  2256 | D:2      | HP: 4/39 [something (2)]
  2258 | D:2      | Slain by an orc wizard

Levels and vault maps discovered:
D:1:      beargit_arrival_diablo_church, layout_basic, basic_ecumenical_altar
D:2:      layout_loops_ring, serial_shops, shop_statue, minmay_pentomino_o4
D:3:      layout_basic, mainiacjoe_overflow_chevrons, lemuel_round_altar,
          lightli_sewer_entry_pipes

Skill      XL: |  1  2  3 |
---------------+----------+-----
Axes           | 4 5 6 |  6.0
Fighting       | |  3.6
Armour         | |  2.4
Dodging        | |  2.1

Action                   |  1- 3 |  4- 6 || total
-------------------------+-------+-------++-------
Melee: Hand axe          |   107 |    21 ||   128
       Headbutt          |    12 |       ||    12
Invok: Berserk           |     1 |     1 ||     2
  Use: Scroll            |     3 |     4 ||     7
Armor: Animal skin       |     8 |       ||     8
       Leather armour    |     7 |     8 ||    15
Dodge: Dodged            |    66 |     3 ||    69

Table legend:
 A = Non-vault XP
 B = Vault XP
 C = Vault XP percentage of total XP
 D = Non-vault monster count
 E = Vault monster count
 F = Vault count percentage of total count
                 A         B        C        D         E       F
            +---------+---------+-------+---------+---------+-------
      Total |      96 |       2 |   2.0 |      54 |       1 |   1.8
            +---------+---------+-------+---------+---------+-------
        D:1 |      55 |       0 |   0.0 |      30 |       0 |   0.0
        D:2 |      41 |       2 |   4.7 |      24 |       1 |   4.0
            +---------+---------+-------+---------+---------+-------
